 Dungeon Crawl Stone Soup version 0.30-a0-1016-gfb0d676c02 (webtiles) character file.

Game seed: 3225912840210931572

3948 Malachi the Skirmisher (level 10, -6/60 HPs)
             Began as a Mummy Hunter on Apr 7, 2023.
             Was an Elder of Hepliaklqana.
             Shot with an arrow by a centaur warrior (20 damage)
             ... on level 10 of the Dungeon.
             The game lasted 00:10:45 (6440 turns).

Malachi the Skirmisher (Mummy Hunter)               Turns: 6440, Time: 00:10:45

Health: -6/60      AC:  7    Str: 21    XL:     10   Next: 2%
Magic:  10/10      EV: 12    Int:  8    God:    Hepliaklqana [****..]
Gold:   435        SH:  5    Dex: 20    Spells: 9/9 levels left

rFire   x . .      SeeInvis .    d - +2 shortbow (flame)
rCold   + . .      Faith    +    (shield currently unavailable)
rNeg    + + +      Spirit   .    n - +0 robe
rPois   ∞          Reflect  +    l - +0 helmet
rElec   .          Rampage  .    o - +0 cloak
rCorr   .                        f - +0 pair of gloves
Will    ++...                    c - +1 pair of boots
Stlth   ++                       q - amulet of reflection
HPRegen 0.30/turn                p - ring of willpower
MPRegen 0.12/turn                u - +6 ring of strength

@: no status effects
A: reduced essence, cold resistance 1, negative energy resistance 3, torment
resistance 2, heat vulnerability 1, in touch with death 1, no potions, faith
a: Renounce Religion, Recall Ancestor, Ancestor Identity, Transference, Idealise


You were on level 10 of the Dungeon.
You worshipped Hepliaklqana.
Hepliaklqana was greatly pleased with you.
You visited 1 branch of the dungeon, and saw 9 of its levels.

You collected 435 gold pieces.

Inventory:

Hand Weapons
 a - a +1 shortbow of draining
 d - a +2 shortbow of flaming (weapon)
 m - a +4 short sword
 s - a +3 dagger
Missiles
 g - a throwing net
 t - 5 poisoned darts
Armour
 c - a +1 pair of boots (worn)
 f - a +0 pair of gloves (worn)
 l - a +0 helmet (worn)
 n - a +0 robe (worn)
 o - a +0 cloak (worn)
Jewellery
 e - an amulet of magic regeneration
 p - a ring of willpower (left hand)
 q - an amulet of reflection (around neck)
 u - a +6 ring of strength (right hand)
Wands
 j - a wand of charming (12)
 k - a wand of mindburst (24)
Scrolls
 b - a scroll of immolation
 h - a scroll of enchant weapon
 i - 5 scrolls of identify
 r - a scroll of enchant armour


   Skills:
 - Level 2.0 Fighting
 * Level 12.5 Ranged Weapons
 - Level 1.5 Dodging
 - Level 0.7 Stealth


You had 9 spell levels left.
You didn't know any spells.
Your spell library contained the following spells:

 Spells                   Type           Power      Damage    Failure   Level
 Slow                     Hex            0%         N/A       41%         1
 Cigotuvi's Dreadful Rot  Necr/Pois/Air  0%         N/A       54%         2
 Confusing Touch          Hex            0%         N/A       78%         3
 Ignite Poison            Fire/Tmut/Pois 0%         N/A       78%         3
 Vampiric Draining        Necr           0%         2d6       78%         3
 Animate Armour           Summ/Erth      0%         N/A       99%         4
 Dispel Undead            Necr           0%         3d6       99%         4
 Freezing Cloud           Conj/Ice/Air   0%         6-21      100%        5
 Death Channel            Necr           0%         N/A       100%        6
 Iron Shot                Conj/Erth      0%         9d1       100%        6
 Blade Hands              Tmut           Unusable   N/A       N/A         5

Dungeon Overview and Level Annotations

Branches:
Dungeon (10/15)            Temple (0/1) D:7
   Lair: D:8-11         Orc: D:9-12

Altars:
Hepliaklqana
Ru

Shops:
D:5 *


Innate Abilities, Weirdness & Mutations

Your life essence is reduced to manifest your ancestor. (-10% HP)
You are immune to poison.
Your flesh is cold resistant. (rC+)
You are immune to negative energy. (rN+++)
You are immune to unholy pain and torment.
You are vulnerable to heat. (rF-)
You are in touch with the powers of death.
You do not drink.
You have a special connection with the divine. (Faith)


Message History

You are too injured to fight recklessly!
You are too injured to fight recklessly!
Fire: d) +2 shortbow (flame)
Press: ? - help, Q - select action, (/) - cycle Shift-Dir - straight line, f/p - centaur warrior
Aim: a centaur warrior, wielding a +0 shortbow (almost dead, 76% to hit)
You shoot an arrow.
The arrow closely misses the centaur warrior.
A freezing wraith comes into view.
Fire: d) +2 shortbow (flame)
Press: ? - help, Q - select action, (/) - cycle Shift-Dir - straight line, f/p - centaur warrior
Aim: a centaur warrior, wielding a +0 shortbow (almost dead, 76% to hit)
You shoot an arrow.
The arrow hits the centaur warrior but does no damage.
The centaur warrior is almost dead.
The centaur warrior shoots an arrow.
You reflect the arrow off an invisible shield around you!
The arrow hits the centaur warrior!
You kill the centaur warrior!
A centaur warrior comes into view.
You have reached level 10!
You feel stronger.
Rana remembers more of his old skill.
Fire: d) +2 shortbow (flame)
Press: ? - help, Q - select action, (/) - cycle Shift-Dir - straight line, f - freezing wraith
Aim: a freezing wraith (71% to hit)
Okay, then.
As you read the scroll of fog, it crumbles to dust.
The scroll dissolves into smoke.
The centaur warrior wields a +0 longbow.
The centaur warrior shoots an arrow.
The arrow hits you!
* * * LOW HITPOINT WARNING * * *
Found a plate armour.
Found a plate armour.
Fire: d) +2 shortbow (flame)
Press: ? - help, Q - select action, (/) - cycle Shift-Dir - straight line, f - centaur warrior
Aim: a centaur warrior, wielding a +0 longbow (wandering, hasn't noticed you, 76% to hit)
You shoot an arrow.
The arrow hits the centaur warrior but does no damage.
The centaur warrior shoots an arrow.
The arrow hits you!!
You die...

#...## #.....#..##....#.......#
#....###...##..÷...#..###...###
#..................#.........#
##>.........................##
.......................##..##
##....####.............§§..§#
#.#.## ##.........####§§.§#
##### #........#..##§§§§§##
#..#...@.#.....§§§§§##
#.......c....§§§§.#
..............$§§§.§##
.##...........##.....##
##.##.......##.#....# ..
.......[.......... #.
..#....######..)W# #. .[......
#...c. #.....


You could see a centaur warrior.

Vanquished Creatures
  A centaur warrior (D:10)
  Joseph (D:7)
  Maggie (D:7)
  A troll (D:10)
  A water moccasin (D:8)
  An ice beast (D:6)
  A black bear (D:7)
  A sky beast (D:7)
  An ogre (D:6)
  A centaur (D:5)
  3 phantoms (D:4)
  A bullfrog (D:7)
  3 scorpions
  5 wights (D:7)
  A jelly (D:4)
  A hound (D:5)
  3 gnoll boudas
  An orc priest (D:7)
  A sleepcap (D:7)
  A scorpion zombie (D:4)
  A bullfrog skeleton (D:4)
  4 iguanas
  An orc wizard (D:5)
  A hound zombie (D:4)
  Robin (D:2)
  9 adders
  14 gnolls
  A shadow imp (D:7)
  2 ufetubi
  2 adder zombies (D:4)
  An adder skeleton (D:4)
  A worm (D:2)
  3 dart slugs
  15 orcs
  4 bats
  5 endoplasms
  A giant cockroach (D:3)
  10 goblins
  9 hobgoblins
  3 jackals (D:2)
  4 quokkas
  4 ball pythons
  4 frilled lizards
  8 kobolds
  2 rats (D:1)
140 creatures vanquished.

Vanquished Creatures (collateral kills)
  A black bear (D:5)
  A kobold brigand (D:7)
  A scorpion (D:5)
  3 wights
  3 orc wizards
  2 hound zombies (D:4)
  3 adders
  4 gnolls
  A shadow imp (D:6)
  A worm (D:5)
  7 orcs
  3 kobolds (D:7)
  A bat (D:3)
  A goblin (D:2)
32 creatures vanquished.

Vanquished Creatures (others)
  3 withered plants (D:4)
3 creatures vanquished.

Grand Total: 175 creatures vanquished

Notes
Turn   | Place    | Note
-------+----------+-------------------------------------------
     0 | D:1      | Malachi the Mummy Hunter began the quest for the Orb.
     0 | D:1      | Reached XP level 1. HP: 16/16 MP: 1/1
   162 | D:1      | Reached XP level 2. HP: 16/22 MP: 2/2
   739 | D:2      | Noticed Robin
   741 | D:2      | Reached skill level 4 in Ranged Weapons
   977 | D:2      | Gained mutation: You are in touch with the powers of death.
                  | [Mummy growth]
   977 | D:2      | Reached XP level 3. HP: 27/27 MP: 3/3
  1820 | D:2      | Found a faded altar of an unknown god.
  1897 | D:2      | Prayed at the altar of an unknown god.
  1897 | D:2      | Became a worshipper of Hepliaklqana the Forgotten
  1897 | D:2      | Reached * piety under Hepliaklqana
  2002 | D:2      | Killed Robin
  2468 | D:3      | Reached XP level 4. HP: 28/29 MP: 4/4
  2568 | D:3      | Reached skill level 5 in Ranged Weapons
  3032 | D:4      | Reached XP level 5. HP: 34/34 MP: 5/5
  3040 | D:4      | Reached ** piety under Hepliaklqana
  3042 | D:4      | Remembered your ancestor Rana as a knight
  3175 | D:4      | Reached skill level 6 in Ranged Weapons
  3271 | D:4      | Reached XP level 6. HP: 39/39 MP: 6/6
  3614 | D:4      | Reached skill level 7 in Ranged Weapons
  3684 | D:4      | Reached XP level 7. HP: 33/45 MP: 7/7
  3801 | D:5      | Entered Level 5 of the Dungeon
  3999 | D:5      | Reached skill level 8 in Ranged Weapons
  4238 | D:5      | Reached XP level 8. HP: 30/50 MP: 8/8
  4462 | D:5      | Found Yvvuda's Gadget Gallery.
  4463 | D:5      | Reached *** piety under Hepliaklqana
  4638 | D:6      | Found a sacrificial altar of Ru.
  4683 | D:6      | Reached skill level 9 in Ranged Weapons
  5074 | D:7      | Noticed Maggie
  5120 | D:7      | Reached skill level 10 in Ranged Weapons
  5135 | D:7      | Killed Maggie
  5136 | D:7      | Reached XP level 9. HP: 54/54 MP: 9/9
  5483 | D:7      | Reached skill level 11 in Ranged Weapons
  5590 | D:7      | Reached **** piety under Hepliaklqana
  5781 | D:7      | Noticed Joseph
  5790 | D:7      | Killed Joseph
  5935 | D:7      | Found a staircase to the Ecumenical Temple.
  6050 | D:8      | You fall into a shaft and drop 2 floors!
  6050 | D:10     | Entered Level 10 of the Dungeon
  6072 | D:10     | Noticed a troll
  6081 | D:10     | Killed a troll
  6082 | D:10     | Reached skill level 12 in Ranged Weapons
  6420 | D:10     | Noticed a centaur warrior
  6427 | D:10     | Noticed a freezing wraith
  6428 | D:10     | Killed a centaur warrior
  6428 | D:10     | Noticed a centaur warrior
  6429 | D:10     | Reached XP level 10. HP: 27/60 MP: 10/10
  6440 | D:10     | Shot with an arrow by a centaur warrior

Illustrated notes

Levels and vault maps discovered:
D:1:      onia_arrival_pyramid, layout_basic
D:2:      layout_basic, ebering_ecumenical_altar_hall, uniq_robin
D:3:      layout_loops_ring
D:4:      layout_loops_ring, serial_undead, serial_undead_a, serial_undead_b,
          serial_undead_f, serial_undead_e
D:5:      layout_loops_ring, nicolae_shop_gadgets
D:6:      layout_gridville, nicolae_overflow_squiral
D:7:      layout_cave_pools, minmay_temple_entry_enclosed_plants,
          kennysheep_cross_bottleneck, uniq_maggie, uniq_joseph
D:8:      layout_loops_ring, chequers_serial_rivers_large_a
D:10:     minmay_cut_squares, layout_cave_pools, uniq_grum

Skill      XL: |  1  2  3  4  5  6  7  8  9 |
---------------+----------------------------+-----
Ranged Weapons | 4 5 6 7 8 10 12 | 12.5
Fighting       | |  2.0
Dodging        | |  1.5
Stealth        | |  0.7

Action                     |  1- 3 |  4- 6 |  7- 9 | 10-12 || total
---------------------------+-------+-------+-------+-------++-------
   Fire: Shortbow          |   120 |   173 |   263 |     1 ||   557
 Invoke: Ancestor Identity |       |     1 |       |       ||     1
         Ancestor Life: Kn |       |     1 |       |       ||     1
  Evoke: Wand              |     4 |       |     4 |       ||     8
    Use: Scroll            |       |     7 |     2 |     1 ||    10
 Armour: Leather armour    |     1 |       |       |       ||     1
         Skin              |     8 |       |       |       ||     8
         Robe              |     2 |    20 |    16 |       ||    38
  Dodge: Dodged            |    39 |    44 |    39 |       ||   122
  Block: Other             |       |       |    14 |       ||    14
         Reflection        |       |       |     6 |       ||     6

Table legend: (Time is in decaauts)
 A = Elapsed time spent in this place.
 B = Non-inter-level travel time spent in this place.
 C = Inter-level travel time spent in this place.
 D = Time resting spent in this place.
 E = Time spent auto-exploring this place.
 F = Levels seen in this place.
 G = Mean time per level.
                   A        B        C        D        E       F      G
               +--------+--------+--------+--------+--------+-----+--------+
         Total |   6514 |   6137 |    377 |   1619 |   3417 |   9 |  723.8 |
       Dungeon |   6514 |   6137 |    377 |   1619 |   3417 |   9 |  723.8 |
               +--------+--------+--------+--------+--------+-----+--------+

Top non-repeatable levels by time:
     D:2: 1690 daAuts
     D:5: 825 daAuts
     D:1: 798 daAuts
     D:4: 795 daAuts
     D:6: 770 daAuts
     D:7: 591 daAuts
     D:3: 587 daAuts
    D:10: 388 daAuts
     D:8: 66 daAuts
